cohdb
Replays
Latest Replays
All Replays
Popular Replays
Top Player Replays
Match Explorer
How It Works
Community
CoH3 Stats
Reddit
Sign in to upload your games and track your stats! →
Sign in with Steam
Match 37416994
Unlisted
Match 37416994
Overview
Messages
Build Orders
End
Kettenkrad Recon Vehicle
Construct Infanterie Kompanie
Selects Mechanized Battlegroup
Selects Mechanized Battlegroup
MG 42 Machine Gun Team
Grenadier Squad
Grenadier Squad
GrW 34 Mortar Team
Pioneer Squad
Construct Panzergrenadier Kompanie
251 Medium Carrier
Pak 40 Anti-tank Gun Team
Selects Raid Package
Panzergrenadier Squad
Selects Mobile Repair Stations
Support Elements
StuG III G Assault Gun
OKW 1st Guards Motor
HiddenJoker
🅲ˇ西德4000ˇ
BOBOBOBO
NewPeopleArmy
HelloFriends :D
kenleung
Expert
0
0
Comments
sign in to comment!
No comments posted yet!